AoeStats
← The Brave Sir Robin

Arena

508874556Analyzed
1v1 RM · 8d ago on Sep 24, 2026· 27m 55s· 2 players
Game mode
Random Map
Map size
Tiny (2 player)
Population
200
Speed
Normal
Resources
Standard
Victory
Conquest
Starting age
Dark Age
Ending age
Imperial Age
RankedLock teamsTeams togetherTeam positionsShared explorationLock speedFull tech treeHidden civsTurbo modeCheats
Victory
Defeat
🇸🇪 Saxons · Sweden
1152
+14
🇩🇰 Franks · Denmark
1105
-14
The Brave Sir Robin
10:55 Feudal Age
14:27 Castle Age
12:43 Double-Bit Axe
15:35 Bow Saw
18:58 Gold Mining
20:30 Stone Mining
22:41 Wheelbarrow
25:08 Gold Shaft Mining
26:11 Forging
27:44 Hand Cart
Klypabaarke
10:27 Feudal Age
10:30 Loom
10:59 Double-Bit Axe
11:09 Gold Mining
11:02 Horse Collar
17:50 Castle Age
16:50 Fletching
18:22 Wheelbarrow
19:36 Bow Saw
22:10 Hand Cart
23:30 Bodkin Arrow
25:02 Pikeman
25:44 Scale Mail Armor
25:55 Forging
26:22 Squires
26:55 Sanctity
27:27 Chain Mail Armor
Connection lost

Rejoining the realm…

Still unreachable

The connection could not be restored.

Session expired

The server has moved on; the page needs a fresh start.